 Dungeon Crawl Stone Soup version 0.23-a0-650-ga4d50d4 (console) character file.

9 Duffy the Firebug (level 2, 13/19 HPs)
             Began as a Demonspawn Fire Elementalist on Jan 4, 2019.
             Quit the game on level 1 of the Dungeon.
             The game lasted 00:00:31 (357 turns).

Duffy the Firebug (Demonspawn Fire Elementalist)     Turns: 357, Time: 00:00:32

Health: 13/19      AC:  2    Str:  8    XL:     2   Next: 3%
Magic:  0/5        EV: 12    Int: 16    God:
Gold:   20         SH:  0    Dex: 13    Spells: 4/5 levels left

rFire    + . .     SeeInvis .   h - +1 dagger (speed)
rCold    . . .     Gourm    .   (no shield)
rNeg     . . .     Faith    .   a - +0 robe
rPois    .         Spirit   .   (no helmet)
rElec    .         Reflect  .   (no cloak)
rCorr    .         Harm     .   (no gloves)
MR       .....                  (no boots)
Stlth    ++........             (no amulet)
HPRegen  0.06/turn              (no ring)
MPRegen  0.09/turn              (no ring)

@: no status effects
A: fire resistance 1
a: no special abilities


You were on level 1 of the Dungeon.
You were not hungry.

You visited 1 branch of the dungeon, and saw 1 of its levels.

You collected 20 gold pieces.

Inventory:

Hand Weapons
 h - a +1 dagger of speed (weapon)
Armour
 a - a +0 robe (worn)
Scrolls
 b - 2 scrolls of identify {unknown}
 d - a scroll of remove curse {unknown}
 g - a scroll of enchant armour {unknown}
Potions
 e - a potion of curing {unknown}
Comestibles
 c - 3 rations
 f - 6 chunks of flesh


   Skills:
 - Level 1.7 Dodging
 - Level 1.7 Stealth
 + Level 2.2 Spellcasting
 + Level 1.4 Conjurations
 + Level 2.9 Fire Magic


You had 4 spell levels left.
You knew the following spells:

 Your Spells              Type           Power        Failure   Level  Hunger
h - Flame Tongue          Conj/Fire      #....        9%          1    #......

Your spell library contained the following spells:

 Spells                   Type           Power        Failure   Level  Hunger
 Throw Flame              Conj/Fire      #.....       13%         2    ###....
 Conjure Flame            Conj/Fire      #.......     26%         3    ###....
 Inner Flame              Hex/Fire       #.......     32%         3    ###....
 Sticky Flame             Conj/Fire      #.......     63%         4    #####..
 Fireball                 Conj/Fire      #.........   93%         5    ######.


Dungeon Overview and Level Annotations

Branches:
Dungeon (1/15)

Altars:


Innate Abilities, Weirdness & Mutations

Your flesh is heat resistant. (rF+)


Message History

Casting: Flame Tongue (safe; 9% risk of failure)
Confirm with . or Enter, or press ? or * to list all spells.
You don't have enough magic to cast that spell.
You closely miss the giant cockroach.
The giant cockroach is moderately wounded.
You hit the giant cockroach but do no damage.
The giant cockroach is moderately wounded.
The giant cockroach bites you.
You hit the giant cockroach.
The giant cockroach is almost dead.
The giant cockroach closely misses you.
You hit the giant cockroach.
You kill the giant cockroach!
You have reached level 2!
Your demonic ancestry asserts itself...
You feel resistant to heat.
Are you sure you want to abandon this character and quit the game? (Confirm
Okay, then.
Unknown command.
Are you sure you want to abandon this character and quit the game? (Confirm

....#####.###....##.....#
.........)...######...%.#
?....PPPP..### ####.##
###..$$$P.## #..#
#.P$$$P.#########
##.#####+
#..$$$..##......#
#.......
#.P.PPP.##......#
##......
#...............# #......
########.#@.....# #......
#.#......# ##.##..
#.#......# #..#..
#.#......# ##.#..
#.#......##### #.....
#...#####....# #.#...
(...# #....# #.#... ....
#....# #..... #.# #....#
####..


There were no monsters in sight!

Vanquished Creatures
  A bat (D:1)
  2 giant cockroaches (D:1)
  A goblin (D:1)
  2 hobgoblins (D:1)
  A kobold (D:1)
7 creatures vanquished.

Vanquished Creatures (others)
  5 toadstools (D:1)
5 creatures vanquished.

Grand Total: 12 creatures vanquished

Notes
Turn   | Place    | Note
-------+----------+-------------------------------------------
     0 | D:1      | Duffy the Demonspawn Fire Elementalist began the quest for
                  | the Orb.
     0 | D:1      | Reached XP level 1. HP: 13/13 MP: 3/3
   356 | D:1      | Gained mutation: Your flesh is heat resistant. (rF+)
                  | [demonic ancestry]
   356 | D:1      | Reached XP level 2. HP: 13/19 MP: 0/5
   357 | D:1      | Quit the game

Vault maps used:
D:1:      lordsloth_arrival_two_stooges, minmay_gold_behind_fungi,
          grunt_decor_one_mirror, minivault_24

Action                   || total
-------------------------++-------
Melee: Dagger            ||     4
 Cast: Flame Tongue      ||    13
Dodge: Dodged            ||     1

Table legend:
 A = Non-vault XP
 B = Vault XP
 C = Vault XP percentage of total XP
 D = Non-vault monster count
 E = Vault monster count
 F = Vault count percentage of total count
                 A         B        C        D         E       F
            +---------+---------+-------+---------+---------+-------
      Total |      13 |       0 |   0.0 |       7 |       0 |   0.0
            +---------+---------+-------+---------+---------+-------
        D:1 |      13 |       0 |   0.0 |       7 |       0 |   0.0
            +---------+---------+-------+---------+---------+-------
